 Dungeon Crawl Stone Soup version 0.30.1-11-g7821555f0a (webtiles) character file.

Game seed: 4617367464929872442

14002 monsoonserge the Grappler (level 11, -1/113 HPs)
             Began as a Troll Fighter on Nov 4, 2023.
             Was an Elder of Wu Jian.
             Slain by a komodo dragon (21 damage)
             ... on level 1 of the Lair of Beasts.
             The game lasted 00:24:36 (9721 turns).

monsoonserge the Grappler (Troll Fighter)           Turns: 9721, Time: 00:24:37

Health: -1/113     AC: 11    Str: 32    XL:     11   Next: 83%
Magic:  1/1        EV:  9    Int:  8    God:    Wu Jian [****..]
Gold:   432        SH: 10    Dex:  9    Spells: 10/10 levels left

rFire   . .          .
                       - Unarmed
rCold   . . .        b - +0 kite shield
rNeg    + + +        L - +2 robe {rF+}
rPois   .            (helmet restricted)
rElec   .            w - +0 cloak of an ossuary {rF- rN+++ MP-9 Stlth+}
rCorr   .            (gloves unavailable)
SInv    .            (boots unavailable)
Will    .....        (no amulet)
Stlth   ++           y - +6 ring of strength
HPRegen 1.18/turn    M - +4 ring of protection
MPRegen 0.07/turn

%: no passive effects
@: lethally poisoned (-1 -> -3), about to teleport
A: large, unfitting armour, claws 3, regeneration 1, shaggy fur 1, tough skin 1
a: Renounce Religion, Wall Jump, Serpent's Lash


You were on level 1 of the Lair of Beasts.
You worshipped Wu Jian.
Wu Jian was greatly pleased with you.
You visited 3 branches of the dungeon, and saw 12 of its levels.

You collected 516 gold pieces.
You spent 84 gold pieces at shops.

Inventory:

Hand Weapons
 A - the +1 sling of Pisefea {freeze, rElec rN++}
   (You found it on level 5 of the Dungeon)

   rElec:     It insulates you from electricity.
   rN:        It greatly protects you from negative energy.
Missiles
 H - 9 boomerangs (quivered)
 I - 5 curare-tipped darts
Armour
 b - a +0 kite shield (worn)
 t - a +2 robe of willpower
 w - the +0 cloak of an ossuary (worn) {rF- rN+++ MP-9 Stlth+}
   (You found it on level 5 of the Dungeon)

   rF:        It makes you vulnerable to fire.
   rN:        It renders you almost immune to negative energy.
   MP:        It affects your magic capacity (-9).
   Stlth:     It makes you more stealthy.
 L - a +2 robe of fire resistance (worn)
Jewellery
 y - a +6 ring of strength (left claw)
 B - a ring of willpower
 M - a +4 ring of protection (right claw)
Wands
 f - a wand of light (5)
 q - a wand of flame (26)
 C - a wand of roots (30)
 K - a wand of digging (2)
Scrolls
 a - 3 scrolls of magic mapping {unknown}
 d - a scroll of torment {unknown}
 i - a scroll of enchant weapon {unknown}
 k - 4 scrolls of teleportation
 o - a scroll of amnesia
 v - 3 scrolls of poison {unknown}
 z - 3 scrolls of fog
 E - 4 scrolls of immolation {unknown}
 F - 2 scrolls of blinking {unknown}
 G - 2 scrolls of brand weapon {unknown}
 O - a scroll of enchant armour {unknown}
 P - a scroll of vulnerability {unknown}
Potions
 c - 3 potions of might
 g - 3 potions of haste
 h - 3 potions of mutation
 l - a potion of ambrosia {unknown}
 m - a potion of berserk rage {unknown}
 n - a potion of lignification
 p - 3 potions of curing
 r - a potion of cancellation {unknown}
 s - 4 potions of attraction {unknown}
 u - a potion of flight {unknown}
 x - 2 potions of brilliance
 D - a potion of degeneration {unknown}
 J - a potion of resistance {unknown}
 N - 3 potions of heal wounds


   Skills:
 + Level 8.4 Fighting
 + Level 4.1 Dodging
 + Level 9.2 Shields
 * Level 13.4 Unarmed Combat


You had 10 spell levels left.
You didn't know any spells.
Your spell library contained the following spells:

 Spells                   Type           Power      Damage    Failure   Level
 Sting                    Tmut/Pois      0%         1d3       56%         1
 Poisonous Vapours        Pois/Air       0%         N/A       71%         2
 Static Discharge         Conj/Air       0%         2-2/arc   71%         2
 Frozen Ramparts          Ice            0%         1d1       90%         3
 Gell's Gravitas          Tloc           0%         N/A       90%         3
 Teleport Other           Tloc           0%         N/A       90%         3
 Airstrike                Air            0%         2d(0-16)  100%        4
 Ice Form                 Ice/Tmut       0%         N/A       100%        4
 Olgreb's Toxic Radiance  Pois           0%         N/A       100%        4
 Summon Ice Beast         Ice/Summ       0%         N/A       100%        4
 Summon Lightning Spire   Summ/Air       0%         N/A       100%        4
 Dispersal                Tloc           0%         N/A       100%        6


Dungeon Overview and Level Annotations

Branches:
Dungeon (10/15)            Temple (1/1) D:4            Lair (1/5) D:8
    Orc (0/2) D:9

Altars:
Ashenzari
Cheibriados
Dithmenos
Elyvilon
Fedhas
Gozag
Hepliaklqana
Kikubaaqudgha
Makhleb
Nemelex Xobeh
Okawaru
Qazlal
Ru
Sif Muna
Trog
Uskayaw
Vehumet
Wu Jian
Xom
Yredelemnul
Zin
The Shining One

Shops:
D:9 ?

Annotations:
D:4 3 runed translucent doors, lonewolfV2's ghost, amateur DsFi
D:7 1 runed translucent door
D:9 1 runed translucent door


Innate Abilities, Weirdness & Mutations

You are too large for most types of armour.
You have claws for hands.
Your natural rate of healing is unusually fast.
You are covered in fur. (AC +1)
You have tough skin. (AC +1)


Message History

The cane toad is almost dead.
The sentinel's mark upon you fades away.
The cane toad stings you but does no damage.
You block the cane toad's attack.
Unknown command.
You barely miss the cane toad.
The cane toad is almost dead.
The cane toad stings you!
You are poisoned.
The cane toad poisons you!
Unknown command.
You barely miss the komodo dragon.
You feel very sick. The cane toad closely misses you.
Unknown command.
You barely miss the cane toad.
The cane toad is almost dead.
You feel very sick. The komodo dragon bites you!!
You block the cane toad's attack.
You scratch the cane toad.
The cane toad is almost dead.
You feel very sick. The komodo dragon barely misses you.
The cane toad stings you but does no damage.
Unknown command.
You barely miss the cane toad.
The cane toad is almost dead.
You feel very sick. The komodo dragon bites you!!
* * * LOW HITPOINT WARNING * * *
The cane toad stings you!
* * * LOW HITPOINT WARNING * * *
Okay, then.
As you read the scroll of teleportation, it crumbles to dust.
You feel strangely unstable.
You feel sick. You block the cane toad's attack.
Found 16 gold pieces.
You spin and attack the komodo dragon.
You mangle the komodo dragon!!
The komodo dragon is heavily wounded.
You feel sick. The komodo dragon bites you!!
You die...

#...#........
#.........#).
##....##..#...
##....#########
# ##...### .$.
#.#†##
....#####.l.#
........Fl###
....#.@l## .
#...# #....#
#..... #....##
######


You could see 3 komodo dragons and a cane toad.

Vanquished Creatures
  A centaur warrior (D:8)
  2 manticores
  A black mamba (Lair:1)
  3 komodo dragons
  A cane toad (Lair:1)
  Maggie (D:8)
  2 polar bears (Lair:1)
  A hornet (D:7)
  Sigmund (D:6)
  7 wraiths
  5 yaks (D:8)
  3 wyverns
  2 steam dragons (D:8)
  5 basilisks
  2 fire bats (D:9)
  4 vampire mosquitoes (D:10)
  2 acid dragons (D:8)
  2 water moccasins (Lair:1)
  4 orc warriors
  3 black bears
  2 ice beasts (D:8)
  3 sky beasts
  An ogre (D:7)
  4 wolves (Lair:1)
  4 centaurs
  2 phantoms (D:5)
  10 bullfrogs
  A kobold brigand (D:8)
  2 scorpions
  19 wights
  9 killer bees
  3 electric eels
  4 hounds
  A jelly (D:7)
  A sleepcap (D:7)
  10 orc priests
  Jessica (D:2)
  Terence (D:2)
  7 iguanas
  23 orc wizards
  Natasha (thrice) (D:3)
  Robin (D:3)
  12 adders
  2 shadow imps
  4 worms
  3 dart slugs
  46 orcs
  14 bats
  5 endoplasms
  A giant cockroach (D:2)
  12 goblins
  13 hobgoblins
  5 jackals (D:4)
  9 kobolds
  4 quokkas
  6 ball pythons
  5 frilled lizards
  8 rats
313 creatures vanquished.

Notes
Turn   | Place    | Note
-------+----------+-------------------------------------------
     0 | D:1      | monsoonserge the Troll Fighter began the quest for the Orb.
     0 | D:1      | Reached XP level 1. HP: 22/22 MP: 0/0
    70 | D:1      | Reached XP level 2. HP: 29/29 MP: 1/1
   513 | D:2      | Noticed Jessica
   519 | D:2      | Killed Jessica
   520 | D:2      | Reached XP level 3. HP: 36/36 MP: 2/2
   613 | D:2      | Reached skill level 3 in Unarmed Combat
   664 | D:2      | Reached XP level 4. HP: 44/44 MP: 3/3
   701 | D:2      | Noticed Terence
   705 | D:2      | Killed Terence
  1195 | D:2      | Reached XP level 5. HP: 47/53 MP: 4/4
  1578 | D:3      | Noticed Robin
  1609 | D:3      | Killed Robin
  1610 | D:3      | Reached skill level 4 in Unarmed Combat
  1756 | D:3      | Noticed Natasha
  1765 | D:3      | Killed Natasha
  1866 | D:3      | Noticed Natasha
  1873 | D:3      | Killed Natasha
  1949 | D:3      | Noticed Natasha
  1963 | D:3      | Killed Natasha
  1964 | D:3      | Reached XP level 6. HP: 14/61 MP: 5/5
  2227 | D:4      | Found a runed translucent gate.
  2227 | D:4      | Found a runed translucent gate.
  2227 | D:4      | Noticed lonewolfV2's ghost (amateur DsFi)
  2227 | D:4      | Identified the +0 scale mail "Jiock" {rC+++ rN+ Int-4}
  2236 | D:4      | Found a runed translucent gate.
  2355 | D:4      | Found a staircase to the Ecumenical Temple.
  2358 | D:4      | Reached skill level 5 in Unarmed Combat
  2471 | Temple   | Entered the Ecumenical Temple
  2509 | D:4      | Reached XP level 7. HP: 68/68 MP: 6/6
  2918 | D:5      | Entered Level 5 of the Dungeon
  2935 | D:5      | Identified the +0 cloak of an ossuary {rF- rN+++ MP-9
                  | Stlth+}
  3137 | D:5      | Reached skill level 6 in Unarmed Combat
  3246 | D:5      | Identified the +1 sling of Pisefea {freeze, rElec rN++}
  3850 | D:6      | Noticed Sigmund
  3959 | D:6      | Reached XP level 8. HP: 76/79 MP: 0/7
  3999 | D:6      | Reached skill level 5 in Shields
  3999 | D:6      | Reached skill level 7 in Unarmed Combat
  4051 | D:6      | Found a burning altar of Makhleb.
  4054 | D:6      | Found an ornate altar of the Wu Jian Council.
  4057 | D:6      | Found a stormy altar of Qazlal.
  4058 | D:6      | Found an ancient bone altar of Kikubaaqudgha.
  4058 | D:6      | Found a shimmering blue altar of Sif Muna.
  4058 | D:6      | Found a white marble altar of Elyvilon.
  4058 | D:6      | Found an opulent altar of Gozag.
  4060 | D:6      | Found a shadowy altar of Dithmenos.
  4061 | D:6      | Found a shimmering altar of Xom.
  4062 | D:6      | Found a glowing golden altar of the Shining One.
  4063 | D:6      | Found a broken altar of Ashenzari.
  4074 | D:6      | Became a worshipper of the Wu Jian Council
  4407 | D:6      | Killed Sigmund
  4458 | D:6      | Reached skill level 5 in Fighting
  4755 | D:6      | Reached skill level 8 in Unarmed Combat
  5022 | D:7      | Found a runed translucent door.
  5024 | D:7      | Found a basalt altar of Yredelemnul.
  5042 | D:7      | Noticed a hornet
  5053 | D:7      | HP: 6/120 [poisoned by a hornet]
  5056 | D:7      | Killed a hornet
  5057 | D:7      | Reached XP level 9. HP: 7/88 MP: 0/8
  5268 | D:7      | Reached skill level 9 in Unarmed Combat
  5874 | D:8      | Reached * piety under Wu Jian
  6135 | D:8      | Reached skill level 10 in Unarmed Combat
  6245 | D:8      | Noticed a manticore
  6245 | D:8      | Noticed a centaur warrior
  6250 | D:8      | Killed a centaur warrior
  6251 | D:8      | Reached XP level 10. HP: 95/100 MP: 0/9
  6258 | D:8      | Killed a manticore
  6431 | D:8      | Reached skill level 11 in Unarmed Combat
  6448 | D:8      | Reached ** piety under Wu Jian
  6659 | D:8      | Found a staircase to the Lair.
  6899 | D:8      | Reached skill level 12 in Unarmed Combat
  7004 | D:8      | Noticed Maggie
  7015 | D:8      | Killed Maggie
  7016 | D:8      | Reached XP level 11. HP: 100/109 MP: 1/10
  7311 | D:9      | Found a runed translucent door.
  7351 | D:9      | Found a blossoming altar of Fedhas.
  7379 | D:9      | Found a bloodstained altar of Trog.
  7398 | D:9      | Found a bloodstained altar of Trog.
  7410 | D:9      | Noticed a flayed ghost
  7445 | D:9      | Found a hazy altar of Hepliaklqana.
  7477 | D:9      | Found a sparkling altar of Nemelex Xobeh.
  7501 | D:9      | Found a hide-covered altar of Uskayaw.
  7556 | D:9      | Found a staircase to the Orcish Mines.
  7609 | D:9      | Reached *** piety under Wu Jian
  8321 | D:9      | Found Esofoh's Magic Scroll Shoppe.
  8328 | D:9      | Bought a scroll of teleportation for 36 gold pieces
  8328 | D:9      | Bought a scroll of fog for 48 gold pieces
  8774 | D:10     | Entered Level 10 of the Dungeon
  9181 | D:10     | Noticed a cyan ugly thing
  9421 | Lair:1   | Entered Level 1 of the Lair of Beasts
  9433 | Lair:1   | Reached skill level 13 in Unarmed Combat
  9574 | Lair:1   | Reached **** piety under Wu Jian
  9721 | Lair:1   | Slain by a komodo dragon

Illustrated notes

Levels and vault maps discovered:
D:1:      nicolae_arrival_washed_ashore, layout_rooms
D:2:      cheibrodos_old_hovel, layout_basic, st_stairs_1,
          minmay_split_cup_small, uniq_jessica, uniq_terence
D:3:      layout_loops_ring, nicolae_titane, uniq_natasha, uniq_robin
D:4:      layout_rooms, temple_statues, biasface_ghost_orc_armoury,
          serial_glass, glass_columns_b, glass_columns_b
D:5:      layout_loops_corners
D:6:      layout_basic, minitemple, serial_corexii_hall,
          chequers_hall_statues_corner_a, corexii_hall_statues_deadend,
          corexii_hall_statues_i, uniq_sigmund
D:7:      layout_basic, dk_yredelemnul_ordeal
D:8:      nzn_winding_woodlands_three_and_one
          [nzn_winding_woodlands_5x15_sidewinder,
          nzn_winding_woodlands_5x15_pool, nzn_winding_woodlands_5x15_jagged,
          nzn_winding_woodlands_center_lodge], layout_basic, erik_lair_dragon,
          serial_corexii_hall, chequers_hall_statues_y, corexii_hall_statues_i,
          corexii_hall_statues_l, corexii_hall_statues_x, uniq_maggie
D:9:      due_megacathedral, layout_layer_cave, minmay_orc_entry_temple_small,
          serial_shops, shop, fountainhead
D:10:     layout_layer_cave, minmay_misc_feat_alley, lightli_church_of_beogh
Temple:   hellmonk_temple_micro_hex
Lair:1:   beast_lair_carwin_large_2, layout_misc_corridors,
          chequers_serial_rivers_micro_c, infiniplex_staircase_pool,
          lemuel_fruit_fields

Skill      XL: |  1  2  3  4  5  6  7  8  9 10 11 |
---------------+----------------------------------+-----
Shields        | 3 4 6 7 8 9 |  9.2
Dodging        | 3 4 |  4.1
Unarmed Combat | 3 4 5 6 8 10 12 13 | 13.4
Fighting       | 3 4 5 6 7 8 |  8.4

Action                     |  1- 3 |  4- 6 |  7- 9 | 10-12 || total
---------------------------+-------+-------+-------+-------++-------
  Melee: Unarmed           |    72 |   186 |   310 |   450 ||  1018
Ability: Lunge             |       |       |    16 |    44 ||    60
         Whirlwind         |       |       |     5 |   129 ||   134
    Use: Potion            |       |     1 |     2 |       ||     3
         Scroll            |       |       |       |     7 ||     7
   Stab: Sleeping          |       |       |     6 |     5 ||    11
         Distracted        |       |       |     1 |       ||     1
 Armour: Robe              |    22 |    41 |    69 |   114 ||   246
         Skin              |       |     9 |     5 |       ||    14
  Dodge: Dodged            |    28 |    55 |    83 |   107 ||   273
  Block: Kite shield       |    22 |    68 |    91 |   155 ||   336
